 Dungeon Crawl Stone Soup version 0.26-a0-639-g72c4674329 (webtiles) character file.

Game seed: 5574974834978844897

37357 Borgoz the Fighter (level 13, -5/88 HPs)
             Began as a Gargoyle Berserker on Sept 18, 2020.
             Was a High Priest of Trog.
             Slain by a death knight
             ... wielding a +0 glaive
              (14 damage)
             ... on level 13 of the Dungeon.
             The game lasted 00:22:20 (14487 turns).

Borgoz the Fighter (Gargoyle Berserker)            Turns: 14487, Time: 00:22:21

Health: -5/88      AC: 19    Str: 25    XL:     13   Next: 96%
Magic:  13/13      EV: 22    Int: 13    God:    Trog [*****.]
Gold:   849        SH:  0    Dex: 13    Spells: 12/12 levels left

rFire    . . .     SeeInvis .   a - +5 eveningstar
rCold    . . .     Faith    .   (no shield)
rNeg     + . .     Spirit   .   r - +0 troll leather armour
rPois    ∞         Reflect  .   (no helmet)
rElec    +         Harm     .   (no cloak)
rCorr    .         Rampage  .   y - +0 pair of gloves
MR       ++...                  b - +0 pair of boots
Stlth    +.........             m - amulet of magic regeneration
HPRegen  1.64/turn              q - ring "Cuefoar" {EV+4 Str+3 Int+5}
MPRegen  0.38/turn              (no ring)

@: regenerating
A: negative energy resistance 1, electricity resistance, unbreathing,
petrification resistance, rot immunity, AC +9
a: Berserk, Trog's Hand, Brothers in Arms, Renounce Religion


You were on level 13 of the Dungeon.
You worshipped Trog.
Trog was extremely pleased with you.
You visited 2 branches of the dungeon, and saw 14 of its levels.
You also visited: Ice Cave.

You collected 924 gold pieces.
You spent 75 gold pieces at shops.

Inventory:

Hand Weapons
 a - a +5 eveningstar (weapon)
Armour
 b - a +0 pair of boots (worn)
 j - a +0 ring mail of fire resistance
 r - a +0 troll leather armour (worn)
 y - a +0 pair of gloves (worn)
Jewellery
 m - an amulet of magic regeneration (around neck)
 p - the ring "Meoxul" {Ice rElec rPois MR++ MP-9}
   (You found it on level 6 of the Dungeon)

   [ring of ice]

   It enhances your ice magic.
   It makes you vulnerable to fire.
   It protects you from cold.
   It insulates you from electricity.
   It protects you from poison.
   It affects your resistance to hostile enchantments.
   It affects your magic capacity (-9).
 q - the ring "Cuefoar" (left hand) {EV+4 Str+3 Int+5}
   (You found it on level 10 of the Dungeon)

   [ring of evasion]

   It affects your evasion (+4).
   It affects your strength (+3).
   It affects your intelligence (+5).
Wands
 s - a wand of digging (6)
 t - a wand of paralysis (10)
 u - a wand of polymorph (18)
 v - a wand of flame (40)
Scrolls
 c - 2 scrolls of enchant armour
 g - 5 scrolls of remove curse
 h - 4 scrolls of teleportation
Potions
 d - 2 potions of resistance
 e - 2 potions of heal wounds
 f - 2 potions of mutation
 i - 2 potions of magic
 k - 3 potions of stabbing
 l - 3 potions of might
 n - 2 potions of haste
 w - 3 potions of curing
 x - a potion of berserk rage


   Skills:
 + Level 13.1 Fighting
 + Level 12.1 Maces & Flails
 + Level 12.9 Armour
 + Level 10.2 Dodging


You had 12 spell levels left.
You didn't know any spells.
Your spell library was empty.

Dungeon Overview and Level Annotations

Branches:
Dungeon (13/15)            Temple (1/1) D:4            Lair (0/6) D:8
    Orc (0/2) D:11         Vaults (0/5) D:13          IceCv (visited)

Altars:
Ashenzari
Cheibriados
Dithmenos
Elyvilon
Fedhas
Gozag
Hepliaklqana
Kikubaaqudgha
Makhleb
Nemelex Xobeh
Okawaru
Qazlal
Ru
Sif Muna
Trog
Uskayaw
Vehumet
Wu Jian
Xom
Yredelemnul
Zin
The Shining One

Shops:
D:12 !

Annotations:
D:10 2 transporters, viperstalker's ghost, novice PaFi
D:12 4 runed translucent doors


Innate Abilities, Weirdness & Mutations

You are resistant to torment.
Your stone body is resilient. (AC +9)
You are immune to poison.
You resist negative energy. (rN+)
You are resistant to electric shocks. (rElec)
You can survive without breathing.
You are immune to petrification.
You are immune to rotting.


Message History

You hit the orc.
The orc is heavily wounded.
The death knight completely misses you.
You impale the death knight!!
The death knight is moderately wounded.
The death knight reflects your damage back at you!
* * * LOW HITPOINT WARNING * * *
The death knight closely misses you.
Your skin crawls.
You feel resistant to hostile enchantments.
The death knight hits you but does no damage.
You impale the death knight!!
The death knight is severely wounded.
The death knight reflects your damage back at you!
* * * LOW HITPOINT WARNING * * *
The death knight misses you.
You bludgeon the vault guard!!
The vault guard is heavily wounded.
The death knight hits you from afar with a +0 glaive!
You die...

.#...# #.(....# #..........#
.#...####.)....# #..........#
.#.......(.....# #.####.....#
.#.............# #.# #..†..#
....######.....# #.# #.....#
....# #...).# #.# #.....#
.##.# #.....# #.####.....#
.##.######....p###..........#
.##..........Ypp@...........#
.#....##..)..oo##...........#
.....# ##.....####..###....[#
.#..## ##).)## ##.# #.....#
.##.## ##'## ##.# #.....#
.##..## #.....# ##..# #.....#
.##...##.#.Zp#.##...###.....#
.##....# ..$.. #.....##.....#
.......+...∩...+............#


You could see 2 death knights, a vault guard, a yak and 2 orcs.

Vanquished Creatures
  A frost giant (IceCv)
  Azrael (D:13)
  Josephine (D:11)
  3 vault guards (D:13)
  Harold (D:9)
  A hydra (D:12)
  A centaur warrior (D:13)
  2 death yaks (IceCv)
  A death knight (D:11)
  5 two-headed ogres
  Urug (D:12)
  Sonja (D:12)
  An unseen horror (D:13)
  Pikel (D:8)
  A manticore (D:13)
  3 deep elf magi
  An ugly thing (D:11)
  A cyclops (D:11)
  An ice statue (IceCv)
  A gargoyle (D:13)
  A rime drake (IceCv)
  4 trolls
  18 polar bears (IceCv)
  Prince Ribbit (D:9)
  Grinder (D:6)
  3 hippogriffs
  A slime creature (D:13)
  2 wyverns
  7 wraiths
  14 yaks (IceCv)
  4 fire elementals
  2 vampire mosquitoes (D:13)
  Edmund (D:6)
  2 soldier ants (D:13)
  4 hell hounds
  8 orc warriors
  An eye of draining (D:13)
  A black bear (D:11)
  3 ice beasts
  A necrophage (D:12)
  3 phantoms
  6 ogres
  21 wolves (IceCv)
  5 centaurs
  3 lemures (D:8)
  A big kobold (D:8)
  6 bullfrogs
  6 scorpions
  15 killer bees
  3 wights (D:8)
  6 howler monkeys
  3 electric eels (D:8)
  2 bullfrog zombies
  3 centaur zombies
  A jelly (D:7)
  4 centaur skeletons
  12 hounds
  2 bullfrog skeletons
  6 orc priests
  20 orc wizards
  Natasha (thrice) (D:2)
  7 iguanas
  6 worker ants
  A hound skeleton (D:4)
  A worker ant zombie (D:9)
  A howler monkey zombie (D:5)
  12 adders
  A shadow imp (D:5)
  2 white imps
  3 ufetubi
  An ooze (D:2)
  An adder skeleton (D:6)
  2 worms
  2 dart slugs (D:2)
  6 leopard geckos
  58 orcs
  9 bats
  4 giant cockroaches
  11 goblins
  12 hobgoblins
  3 jackals (D:3)
  12 kobolds
  3 quokkas
  A ball python (D:4)
  A ball python zombie (D:5)
  3 frilled lizards
  A quokka skeleton (D:9)
  9 rats
412 creatures vanquished.

Vanquished Creatures (others)
  A wolf spider zombie (D:13)
  An orc wizard (D:11)
2 creatures vanquished.

Grand Total: 414 creatures vanquished

Notes
Turn   | Place    | Note
-------+----------+-------------------------------------------
     0 | D:1      | Borgoz the Gargoyle Berserker began the quest for the Orb.
     0 | D:1      | Reached XP level 1. HP: 14/14 MP: 1/1
    90 | D:1      | Reached XP level 2. HP: 15/19 MP: 2/2
   948 | D:2      | Reached XP level 3. HP: 13/24 MP: 3/3
  1526 | D:2      | Reached ** piety under Trog
  1541 | D:2      | Noticed Natasha
  1556 | D:2      | HP: 1/24 [Natasha/magic dart (7)]
  1593 | D:2      | Killed Natasha
  1593 | D:2      | Reached skill level 4 in Fighting
  1593 | D:2      | Reached XP level 4. HP: 9/29 MP: 4/4
  1996 | D:2      | Noticed Natasha
  2007 | D:2      | Killed Natasha
  2458 | D:2      | Noticed Natasha
  2471 | D:2      | Killed Natasha
  2471 | D:2      | Reached XP level 5. HP: 8/33 MP: 5/5
  2960 | D:3      | Noticed an ogre
  2991 | D:3      | Killed an ogre
  2991 | D:3      | Reached XP level 6. HP: 12/39 MP: 6/6
  4229 | D:4      | Reached skill level 5 in Fighting
  4229 | D:4      | Reached XP level 7. HP: 44/44 MP: 7/7
  4722 | D:4      | Found a staircase to the Ecumenical Temple.
  4735 | Temple   | Entered the Ecumenical Temple
  5008 | D:5      | Entered Level 5 of the Dungeon
  5018 | D:5      | Reached skill level 5 in Maces & Flails
  5123 | D:5      | Reached *** piety under Trog
  5292 | D:5      | Reached skill level 5 in Armour
  5513 | D:5      | Reached XP level 8. HP: 48/51 MP: 8/8
  5658 | D:5      | Reached skill level 6 in Fighting
  5759 | D:5      | Found a sparkling altar of Nemelex Xobeh.
  6018 | D:5      | Found a stormy altar of Qazlal.
  6472 | D:6      | Got a sparkling copper ring
  6500 | D:6      | Noticed Edmund
  6514 | D:6      | Killed Edmund
  6519 | D:6      | Identified the ring "Meoxul" {Ice rElec rPois MR++ MP-9}
                  | (You found it on level 6 of the Dungeon)
  6933 | D:6      | Noticed Grinder
  6939 | D:6      | Paralysed by Grinder for 2 turns
  6944 | D:6      | Paralysed by Grinder for 2 turns
  6962 | D:6      | Killed Grinder
  6962 | D:6      | Reached skill level 7 in Fighting
  6962 | D:6      | Reached XP level 9. HP: 57/57 MP: 9/9
  7105 | D:7      | Reached skill level 5 in Dodging
  7424 | D:7      | Found a sacrificial altar of Ru.
  7676 | D:7      | Found a shattered altar of Ashenzari.
  7686 | D:7      | Found a shadowy altar of Dithmenos.
  8189 | D:8      | Reached **** piety under Trog
  8282 | D:8      | Noticed a two-headed ogre
  8295 | D:8      | Killed a two-headed ogre
  8295 | D:8      | Reached skill level 8 in Fighting
  8309 | D:8      | Reached XP level 10. HP: 64/64 MP: 10/10
  8454 | D:8      | Found a snail-covered altar of Cheibriados.
  8758 | D:8      | Noticed Pikel
  8833 | D:8      | Killed Pikel
  8833 | D:8      | Reached skill level 9 in Fighting
  8851 | D:8      | Reached ***** piety under Trog
  9147 | D:8      | Found a staircase to the Lair.
  9711 | D:9      | Noticed Harold
  9740 | D:9      | Killed Harold
  9740 | D:9      | Reached XP level 11. HP: 49/72 MP: 11/11
  9869 | D:9      | Noticed a two-headed ogre
  9882 | D:9      | Killed a two-headed ogre
 10029 | D:9      | Found a glowing golden altar of the Shining One.
 10089 | D:9      | Noticed Prince Ribbit
 10099 | D:9      | Killed Prince Ribbit
 10329 | D:10     | Entered Level 10 of the Dungeon
 10337 | D:9      | Received a gift from Trog
 10339 | D:9      | Reached skill level 10 in Fighting
 10458 | D:10     | Got a twitching lead ring
 10523 | D:10     | Found a transporter.
 10528 | D:10     | Noticed viperstalker's ghost (novice PaFi)
 10530 | D:10     | Noticed a moth of wrath
 10531 | D:10     | Noticed an ice dragon
 10540 | D:10     | Found a transporter.
 10583 | D:10     | Identified the ring "Cuefoar" {EV+4 Str+3 Int+5} (You found
                  | it on level 10 of the Dungeon)
 10923 | D:11     | Noticed a two-headed ogre
 10932 | D:11     | Killed a two-headed ogre
 11012 | D:11     | Reached skill level 10 in Armour
 11046 | D:11     | Noticed a two-headed ogre
 11057 | D:11     | Killed a two-headed ogre
 11079 | D:11     | Noticed a two-headed ogre
 11165 | D:11     | Noticed a cyclops
 11171 | D:11     | Killed a cyclops
 11190 | D:11     | Noticed a death knight
 11205 | D:11     | Killed a death knight
 11208 | D:11     | Noticed Josephine
 11228 | D:11     | Killed Josephine
 11237 | D:11     | Reached skill level 10 in Maces & Flails
 11249 | D:11     | Reached XP level 12. HP: 12/79 MP: 12/12
 11385 | D:11     | Killed a two-headed ogre
 11385 | D:11     | Reached skill level 11 in Fighting
 11716 | D:11     | Found a staircase to the Orcish Mines.
 11831 | D:12     | Noticed Sonja
 11851 | D:12     | Found a frozen archway.
 11887 | IceCv    | Entered an ice cave
 11909 | IceCv    | Received a gift from Trog
 12483 | IceCv    | Reached skill level 12 in Fighting
 12565 | IceCv    | Noticed a death yak
 12565 | IceCv    | Noticed a death yak
 12565 | IceCv    | Noticed a frost giant
 12580 | IceCv    | Killed a death yak
 12580 | IceCv    | Reached XP level 13. HP: 63/86 MP: 1/13
 12602 | IceCv    | Killed a frost giant
 12964 | D:12     | Found Pofohiah's Distillery.
 12970 | D:12     | Bought a potion of heal wounds for 75 gold pieces
 12999 | D:12     | Killed Sonja
 13074 | D:12     | Noticed Urug
 13097 | D:12     | Killed Urug
 13246 | D:12     | Found a runed translucent door.
 13331 | D:12     | Found a runed translucent door.
 13343 | D:12     | Found a runed translucent door.
 13357 | D:12     | Found a runed translucent door.
 13571 | D:13     | Noticed Azrael
 13682 | D:13     | Killed Azrael
 14045 | D:13     | Received a gift from Trog
 14280 | D:13     | Reached skill level 10 in Dodging
 14388 | D:13     | Reached skill level 13 in Fighting
 14420 | D:13     | Found a gate to the Vaults.
 14420 | D:13     | Noticed a vault guard
 14420 | D:13     | Noticed a vault guard
 14420 | D:13     | Noticed a vault guard
 14420 | D:13     | Noticed a vault guard
 14435 | D:13     | Killed a vault guard
 14448 | D:13     | Killed a vault guard
 14482 | D:13     | Killed a vault guard
 14487 | D:13     | Slain by a death knight

Illustrated notes

Levels and vault maps discovered:
D:1:      minmay_arrival_checkered_box, layout_loops_corners, hex_medium,
          minmay_misc_feat_secret_circle, nrook_loot_triangle
D:2:      kennysheep_big_flooded_room, layout_loops_corners,
          grunt_ministairs_11, minmay_tromino_v7, uniq_natasha
D:3:      layout_loops_ring, st_stairs_10, minmay_misc_feat_hallway
D:4:      layout_loops_ring, temple_hall
D:5:      layout_basic, old_standard_altar, basic_altar, lemuel_flamethrower_1
D:6:      layout_rooms, uniq_grinder, uniq_edmund
D:7:      layout_loops_corners, amethyst_overflow_temple_binary,
          nicolae_ru_the_path_less_chosen
D:8:      layout_loops_ring, slow_altar_1, erik_lair_island, uniq_pikel
D:9:      layout_roguey, marbit_many_paths, uniq_prince_ribbit1, uniq_harold
D:10:     layout_cross, gammafunk_ghost_berserking_beasts,
          chequers_serial_rivers_micro_e
D:11:     layout_cave_pools, david_orc_4, uniq_josephine
D:12:     layout_rooms, portal_ice_cave_entry_pillars_2, serial_shops, shop,
          minmay_statue_crystal_thing, uniq_urug, uniq_sonja
D:13:     layout_long_grid, lightli_vaults_fourway_checkpoint, uniq_azrael
Temple:   regret_index_temple_sphere_string

Skill      XL: |  1  2  3  4  5  6  7  8  9 10 11 12 13 |
---------------+----------------------------------------+-----
Dodging        | 2 3 4 5 7 8 9 10 | 10.2
Fighting       | 4 5 7 8 9 10 12 13 | 13.1
Armour         | 3 4 5 6 7 9 10 11 12 | 12.9
Maces & Flails | 4 5 6 7 8 10 11 12 | 12.1

Action                   |  1- 3 |  4- 6 |  7- 9 | 10-12 | 13-15 || total
-------------------------+-------+-------+-------+-------+-------++-------
Melee: Mace              |   112 |   110 |       |       |       ||   222
       Flail             |       |   108 |   371 |   339 |       ||   818
       Dire flail        |       |       |       |   575 |    67 ||   642
       Eveningstar       |       |       |       |       |   215 ||   215
Throw: Throwing net      |       |       |       |     1 |     1 ||     2
Invok: Trog's Hand       |     1 |     2 |     1 |       |     3 ||     7
       Berserk           |       |     2 |     3 |     3 |     1 ||     9
Evoke: Wand              |       |       |       |     4 |       ||     4
  Use: Scroll            |     3 |       |     6 |    11 |     3 ||    23
       Potion            |       |       |       |     8 |     2 ||    10
 Stab: Sleeping          |     1 |       |       |       |       ||     1
       Invisible         |       |       |       |     4 |       ||     4
       Distracted        |       |       |       |     1 |       ||     1
       Held in net/web   |       |       |       |       |     2 ||     2
Armor: Animal skin       |    38 |       |       |       |       ||    38
       Ring mail         |    21 |   127 |   197 |   122 |       ||   467
       Troll leather arm |       |       |       |   307 |   114 ||   421
Dodge: Dodged            |   100 |   177 |   233 |  1019 |   263 ||  1792

Table legend: (Time is in decaauts)
 A = Elapsed time spent in this place.
 B = Non-inter-level travel time spent in this place.
 C = Inter-level travel time spent in this place.
 D = Time resting spent in this place.
 E = Time spent auto-exploring this place.
 F = Levels seen in this place.
 G = Mean time per level.
                   A        B        C        D        E       F      G
               +--------+--------+--------+--------+--------+-----+--------+
         Total |  14575 |  14192 |    383 |   2101 |   8676 |  15 |  971.7 |
       Dungeon |  13438 |  13074 |    364 |   1941 |   8117 |  13 | 1033.7 |
        Temple |    159 |    140 |     19 |      0 |    140 |   1 |  159.0 |
      Ice Cave |    976 |    976 |      0 |    160 |    419 |   1 |  976.0 |
               +--------+--------+--------+--------+--------+-----+--------+

Top non-repeatable levels by time:
     D:2: 1835 daAuts
     D:8: 1358 daAuts
     D:5: 1192 daAuts
     D:3: 1160 daAuts
     D:7: 1124 daAuts
     D:4: 1026 daAuts
   IceCv: 976 daAuts
     D:1: 938 daAuts
    D:11: 929 daAuts
     D:9: 918 daAuts
     D:6: 879 daAuts
    D:13: 815 daAuts
    D:12: 763 daAuts
    D:10: 496 daAuts
  Temple: 159 daAuts
